 Dungeon Crawl Stone Soup version 0.31-a0-188-g5e087ee2ca (webtiles) character file.

Game seed: 1398462082782630351

275 qw the Skirmisher (level 6, -5/35 HPs)
             Began as a Deep Elf Hunter on June 23, 2023.
             Was an Initiate of Okawaru.
             Slain by Edmund
             ... wielding a +3 flail of protection
              (8 damage)
             ... on level 3 of the Dungeon.
             The game lasted 00:00:54 (2897 turns).

qw the Skirmisher (Deep Elf Hunter)                 Turns: 2897, Time: 00:00:55

Health: -5/35      AC:  9    Str: 10    XL:     6   Next: 3%
Magic:  8/8        EV: 16    Int: 14    God:    Okawaru [......]
Gold:   186        SH:  0    Dex: 18    Spells: 5/5 levels left

rFire   . . .        Y - +1 shortbow (flame)
rCold   . . .        (shield currently unavailable)
rNeg    . . .        e - +0 ring mail
rPois   .            o - +0 helmet
rElec   .            c - +1 cloak
rCorr   .            (no gloves)
SInv    .            a - +0 pair of boots
Will    +....        v - amulet of the acrobat
Stlth   +            h - +5 ring of evasion
HPRegen 0.25/turn    n - ring of willpower
MPRegen 0.11/turn

%: acrobat
@: about to teleport
A: no striking features
a: Renounce Religion


You were on level 3 of the Dungeon.
You worshipped Okawaru.
Okawaru was noncommittal.
You visited 1 branch of the dungeon, and saw 4 of its levels.

You collected 186 gold pieces.


   Skills:
 - Level 2.2 Fighting
 + Level 9.0 Ranged Weapons
 - Level 1.0 Armour
 - Level 2.4 Dodging
 - Level 1.2 Stealth


You had 5 spell levels left.
You didn't know any spells.
Your spell library was empty.

Inventory:

Hand Weapons
 Y - a +1 shortbow of flaming (weapon)
Armour
 a - a +0 pair of boots (worn)
 c - a +1 cloak (worn)
 e - a +0 ring mail (worn)
 o - a +0 helmet (worn)
Jewellery
 h - a +5 ring of evasion (left hand)
 n - a ring of willpower (right hand)
 v - an amulet of the acrobat (around neck)
Scrolls
 i - 3 scrolls of teleportation
 k - a scroll of identify
Potions
 b - 2 potions of enlightenment
 d - a potion of curing {unknown}
 f - a potion of lignification {unknown}
 g - a potion of might {unknown}
 l - a potion of magic {unknown}
 m - a potion of degeneration {unknown}
 p - a potion of attraction {unknown}
 s - a potion of mutation {unknown}
 u - a potion of haste

Dungeon Overview and Level Annotations

Branches:
Dungeon (4/15)             Temple (0/1) D:4

Altars:
Dithmenos
Elyvilon
Okawaru

Annotations:
D:3 Edmund, Ijyb


Message History

You shoot an arrow. The arrow barely misses Edmund.
Edmund says, "You wouldn't believe how much I paid for this flail."
Edmund closely misses you.
You shoot an arrow. The arrow hits Edmund!
The arrow burns Edmund.
Edmund is lightly wounded.
Edmund hits you with a +3 flail of protection!
The goblin unwields a +0 sling.
The goblin wields a +0 dagger.
The goblin barely misses you.
2886 ||| STAIRDANCE Edmund barely misses you.
Ijyb zaps a wand.
You resist with almost no effort. The goblin closely misses you.
You climb upwards.
There is a stone staircase leading down here.
You shoot an arrow. The arrow closely misses Ijyb.
Ijyb screams, "Me kill you!" Ijyb barely misses you.
The goblin hits you but does no damage.
You shoot an arrow. The arrow hits Ijyb but does no damage.
Ijyb hits you with a +0 dagger.
You shoot an arrow. The arrow hits Edmund.
The arrow burns Edmund.
Edmund is moderately wounded.
Ijyb misses you. Edmund barely misses you.
Ijyb zaps a wand.
Your will is overpowered!
You are confused.
Ijyb completely misses you.
Edmund asks, "Have you met my wondrous brother?"
Edmund completely misses you. Ijyb completely misses you.
Edmund hits you with a +3 flail of protection.
Ijyb completely misses you.
Edmund hits you with a +3 flail of protection!
Ijyb zaps a wand.
You resist with almost no effort.
Edmund hits you with a +3 flail of protection.
Ijyb hits you with a +0 dagger. Edmund closely misses you.
You feel less confused. Ijyb completely misses you. Edmund misses you.
2897 ||| READING 4 scrolls of teleportation.
As you read the scroll of teleportation, it crumbles to dust.
You feel strangely unstable. Ijyb closely misses you.
Edmund hits you with a +3 flail of protection!
You die...

#.#........# ####### #.#.8.#
#.....#.#.########### #.#...#
.#....#.#...........###.##.##
.#......###.........##.....# ##
.#.#..#.............#..#########.
.#..........#....###..##.........
...#............g#...###.........
.#.#......####.#@g.### #.P777P.P7
..........# #.#@### #..7 7P.P7
.#.##.....####'#########..777...7
.#.##.....##...............PP..P.
...##......+..........>#.........
#####......#.............PPP...P.
#............######...777...7
#............# #...7 7...7
##########.......# #...777...7
.........'.......# #..........


You could see Edmund, Ijyb and a goblin.

Vanquished Creatures
  Pargi (D:3)
  A scorpion (D:3)
  An orc priest (D:3)
  3 gnolls (D:3)
  An adder (D:2)
  A worm (D:2)
  2 dart slugs
  5 orcs (D:3)
  5 endoplasms
  A giant cockroach (D:4)
  3 hobgoblins
  2 jackals (D:1)
  2 quokkas
  4 ball pythons
  3 bats
  3 goblins
  6 kobolds
  5 rats (D:2)
49 creatures vanquished.

Notes
Turn   | Place    | Note
-------+----------+-------------------------------------------
     0 | D:1      | qw the Deep Elf Hunter began the quest for the Orb.
     0 | D:1      | Reached XP level 1. HP: 12/12 MP: 3/3
     0 | D:1      | 0 ||| qw: Version: 0.3-a-9-g12657ce
     0 | D:1      | 0 ||| qw: Game counter: 3552
     0 | D:1      | 0 ||| qw: Always use a shield: true
     0 | D:1      | 0 ||| qw: God list: Okawaru
     0 | D:1      | 0 ||| qw: Allow faded altars: false
     0 | D:1      | 0 ||| qw: Do Orc after D:15 true
     0 | D:1      | 0 ||| qw: Do second Lair branch before Depths: true
     0 | D:1      | 0 ||| qw: Lair rune preference: random
     0 | D:1      | 0 ||| qw: Plans: Normal
     0 | D:1      | 0 ||| PLANNING D:1-11
   125 | D:1      | HP: 3/12 [jackal (1)]
   127 | D:1      | Reached skill level 6 in Ranged Weapons
   127 | D:1      | Reached XP level 2. HP: 4/16 MP: 4/4
   811 | D:1      | Found a faded altar of an unknown god.
   924 | D:1      | 924 ||| UPGRADING to +0 helmet.
   929 | D:1      | 929 ||| UPGRADING to +5 ring of evasion.
   930 | D:1      | 930 ||| UPGRADING to ring of willpower.
   931 | D:1      | 931 ||| READING scroll labelled DOFUGORA HENO.
   932 | D:1      | 932 ||| READING scroll labelled TOQIMA ZEOTO.
   933 | D:1      | 933 ||| READING scroll labelled QAMIHO NOEPRUR.
   938 | D:1      | 938 ||| READING scroll labelled SOWIHUFOGA.
   939 | D:1      | 939 ||| READING 2 scrolls labelled VEMMOC JIUPROA.
   940 | D:1      | 940 ||| READING scroll labelled ALIGER PAGAEMN.
   941 | D:1      | 941 ||| DROPPING scroll of butterflies.
  1029 | D:2      | Reached XP level 3. HP: 11/20 MP: 5/5
  1551 | D:2      | 1551 ||| UPGRADING to +0 pair of boots.
  1556 | D:2      | 1556 ||| UPGRADING to +0 ring mail.
  1566 | D:2      | 1566 ||| DROPPING +0 leather armour.
  1567 | D:2      | 1567 ||| READING 2 scrolls of identify.
  1567 | D:2      | 1567 ||| IDENTIFYING inky potion
  1628 | D:3      | Noticed Pargi
  1647 | D:3      | Killed Pargi
  1648 | D:3      | Reached skill level 8 in Ranged Weapons
  1648 | D:3      | Reached XP level 4. HP: 10/25 MP: 6/6
  1770 | D:3      | Noticed a scorpion
  1777 | D:3      | Killed a scorpion
  1778 | D:3      | Reached skill level 9 in Ranged Weapons
  1778 | D:3      | Reached XP level 5. HP: 17/29 MP: 7/7
  1884 | D:3      | Found a shadowy altar of Dithmenos.
  1890 | D:3      | Found an iron altar of Okawaru.
  1891 | D:3      | 1891 ||| PLANNING OKAWARU WORSHIP
  1891 | D:3      | 1891 ||| READING scroll labelled SOURIY WENEWI.
  1992 | D:3      | 1992 ||| READING scroll labelled TETUSH EMOTH.
  1998 | D:3      | Became a worshipper of Warmaster Okawaru
  1999 | D:3      | 1999 ||| PLANNING D:1-11
  2230 | D:3      | 2230 ||| FLEEEEING.
  2231 | D:3      | 2231 ||| FLEEEEING.
  2266 | D:3      | Found a white marble altar of Elyvilon.
  2390 | D:3      | Reached skill level 1 in Armour
  2390 | D:3      | Reached XP level 6. HP: 35/35 MP: 8/8
  2673 | D:3      | 2673 ||| UPGRADING to amulet of the acrobat.
  2678 | D:3      | 2678 ||| READING 2 scrolls labelled PENNOS PUCHONK.
  2679 | D:3      | 2679 ||| READING 2 scrolls labelled GALERYMENA.
  2680 | D:3      | 2680 ||| READING scroll labelled JAYPIL VILO.
  2681 | D:3      | 2681 ||| READING scroll labelled HAATINKUETH.
  2682 | D:3      | 2682 ||| DRINKING 2 bubbling sapphire potions.
  2690 | D:3      | 2690 ||| DROPPING scroll of amnesia.
  2691 | D:3      | 2691 ||| DROPPING scroll of noise.
  2692 | D:3      | 2692 ||| DROPPING potion of ambrosia.
  2694 | D:3      | 2694 ||| Stepping ~*~*~tactically~*~*~ (cloud).
  2825 | D:4      | Found a staircase to the Ecumenical Temple.
  2845 | D:4      | 2845 ||| UPGRADING to +1 cloak.
  2881 | D:4      | Noticed Edmund
  2881 | D:4      | Noticed Ijyb
  2886 | D:4      | 2886 ||| STAIRDANCE
  2894 | D:3      | HP: 7/35 [Edmund/+3 flail of protection (3)]
  2895 | D:3      | HP: 3/35 [Ijyb/+0 dagger (5)]
  2897 | D:3      | 2897 ||| READING 4 scrolls of teleportation.
  2897 | D:3      | Slain by Edmund

Levels and vault maps discovered:
D:1:      lemuel_arrival_cross, layout_loops_corners,
          shapermc_ecumenical_altar_mp_urbaneastern, minivault_25,
          minmay_tromino_v4_c
D:2:      layout_basic, serial_bayou_pond_d, hangedman_decor_growths
D:3:      layout_basic, elyvilon_altar_1, mainiacjoe_overflow_alcove_2,
          nicolae_dithmenos_through_a_glass_darkly, kennysheep_boxes, uniq_pargi
D:4:      layout_basic, minmay_temple_entry_trees, serial_shops, shop,
          uniq_edmund, uniq_menkaure, uniq_ijyb, uniq_pikel

Skill      XL: |  1  2  3  4  5 |
---------------+----------------+-----
Ranged Weapons | 6 8 9 |  9.0
Fighting       | 2 |  2.2
Armour         | 1 |  1.0
Dodging        | |  2.4
Stealth        | |  1.2

Action                     |  1- 3 |  4- 6 || total
---------------------------+-------+-------++-------
   Fire: Shortbow          |    81 |    64 ||   145
    Use: Scroll            |     7 |     7 ||    14
         Potion            |       |     1 ||     1
 Armour: Leather armour    |     1 |       ||     1
         Ring mail         |    10 |     7 ||    17
  Dodge: Dodged            |    41 |    30 ||    71

Table legend:
 A = Non-vault XP
 B = Vault XP
 C = Vault XP percentage of total XP
 D = Non-vault monster count
 E = Vault monster count
 F = Vault count percentage of total count
                 A         B        C        D         E       F
            +---------+---------+-------+---------+---------+-------
      Total |     260 |     134 |  34.0 |      46 |       3 |   6.1
            +---------+---------+-------+---------+---------+-------
        D:1 |      22 |       2 |   8.3 |      11 |       2 |  15.4
        D:2 |      35 |       0 |   0.0 |      14 |       0 |   0.0
        D:3 |     194 |     132 |  40.5 |      17 |       1 |   5.6
        D:4 |       9 |       0 |   0.0 |       4 |       0 |   0.0
            +---------+---------+-------+---------+---------+-------
